 Dungeon Crawl Stone Soup version 0.16.1-16-gc44b35d (webtiles) character file.

912 KarvaRausku the Cleaver (level 8, 0/44 HPs)
             Began as a Gargoyle Gladiator on Apr 16, 2015.
             Slain by an orc warrior
             ... wielding a +0 hand axe
              (8 damage)
             ... on level 6 of the Dungeon.
             The game lasted 00:09:35 (4131 turns).

KarvaRausku the Cleaver (Gargoyle Gladiator)        Turns: 4131, Time: 00:09:36

Health: 0/44       AC: 15    Str: 20    XL:     8   Next: 9%
Magic:  17/17      EV:  6    Int:  9    God:
Gold:   208        SH:  0    Dex: 13    Spells: 0 memorised, 7 levels left

rFire  x . .     SeeInvis .     a - +0 war axe
rCold  . . .     Clarity  .     l - +0 chain mail
rNeg   + + .     SustAb   .     (no shield)
rPois  ∞         Gourm    .     c - +0 helmet
rElec  +         Spirit   .     v - +0 cloak
rCorr  .         Warding  .     (no gloves)
rMut   .         Stasis   +     (no boots)
MR     +....                    r - amulet of stasis
Stlth  ..........               D - ring "Momyum Dont" {rF- rN+ MP+9 EV-2 Dex+2} (curse)
                                q - ring of protection from magic

@: somewhat resistant to hostile enchantments, extremely unstealthy
A: negative energy resistance 1, electricity resistance, unbreathing,
petrification resistance, rot immunity, AC +5
a: no special abilities


You were on level 6 of the Dungeon.
You were not hungry.

You visited 1 branch of the dungeon, and saw 6 of its levels.

You collected 208 gold pieces.

Inventory:

Hand weapons
 a - a +0 war axe (weapon)
Missiles
 d - 2 throwing nets (quivered)
Armour
 b - a +0 leather armour
 c - a +0 helmet (worn)
 l - a +0 chain mail (worn)
 v - a +0 cloak (worn)
Jewellery
 q - a ring of protection from magic (left hand)
 r - an amulet of stasis (around neck)
 w - an uncursed ring of magical power
 z - an uncursed ring of fire
 D - the cursed ring "Momyum Dont" (right hand) {rF- rN+ MP+9 EV-2 Dex+2}
   (You found it on level 5 of the Dungeon)

   [ring of evasion]

   It affects your evasion (-2).
   It affects your dexterity (+2).
   It makes you vulnerable to fire.
   It protects you from negative energy.
   It affects your magic capacity (+9).
   It has a curse placed upon it.
Magical devices
 F - a wand of paralysis (9)
Scrolls
 e - 8 scrolls of identify {unknown}
 g - a scroll of remove curse {unknown}
 m - 2 scrolls of noise {unknown}
 n - 2 scrolls of enchant weapon {unknown}
 o - 2 scrolls of enchant armour {unknown}
 p - a scroll of teleportation {unknown}
 t - a scroll of amnesia {unknown}
 u - a scroll of random uselessness {unknown}
 y - 3 scrolls of recharging {unknown}
 G - a scroll of fog {unknown}
Potions
 h - a potion of brilliance {unknown}
 j - 3 potions of curing {unknown}
 s - 3 potions of might {unknown}
 x - a potion of resistance {unknown}
 B - a potion of cure mutation {unknown}
 H - a potion of magic {unknown}
Comestibles
 f - 2 bread rations
 i - a slice of pizza
 k - 2 royal jellies
 A - 3 meat rations
 C - 3 fruits
 E - 4 chunks of flesh


   Skills:
 - Level 2.1 Fighting
 + Level 8.7 Axes
 - Level 2.0 Throwing
 - Level 2.4 Dodging


You had 7 spell levels left.
You didn't know any spells.

Dungeon Overview and Level Annotations

Branches:
Dungeon (6/15)
 Temple: D:4-7

Altars:
Cheibriados
Nemelex Xobeh
Ru
Sif Muna
Xom

Shops:
D:4 =

Annotations:
D:3 KarvaRausku's ghost, average GrGl


Innate Abilities, Weirdness & Mutations

You are resistant to torment.
You are immune to poison.
Your stone body is very resilient (AC +5).
You resist negative energy.
You are resistant to electric shocks.
You can survive without breathing.
You are immune to petrification.
You are immune to rotting.


Message History

The orc warrior is heavily wounded.
The orc warrior hits you with a hand axe!
* * * LOW HITPOINT WARNING * * *
Unknown command.
You are too injured to fight recklessly!
An iguana comes into view.
The iguana hisses angrily.
A goliath beetle comes into view.
The goliath beetle twitches its antennae in your direction.
The orc warrior hits you but does no damage.
The orc warrior barely misses you.
Throwing (i - inventory):
d - 3 throwing nets (quivered)
Press: ? - help, Shift-Dir - straight line, f - orc warrior
Aim: an orc warrior, wielding a hand axe and wearing a plate armour (moderately wounded)
You throw a throwing net.
The throwing net closely misses the orc warrior.
The throwing net hits the iguana.
The iguana is caught in the net!
The iguana struggles against the net.
The orc warrior hits you with a hand axe!
You die...

#.....#B#.# #
#.........#.#
#.#.........#
####.#.#####
#####+###....l...#
.......)..#.#.##.#
.........!#...##.#
.........##.o##.#
....?....##.@##.#
.........###.##.#
........#
#..#.######.# ##.....#
#..#........#
###########..#########
#...†................
#.#########..#######
#.# ##..# #######.###
#.>..


You could see an orc warrior and an iguana (caught).

Vanquished Creatures
  An ogre (D:4)
  2 centaurs (D:5)
  Duvessa (D:5)
  A giant frog (D:6)
  A scorpion (D:5)
  Dowan (D:5)
  A jelly (D:4)
  A centaur zombie (D:6)
  A hound (D:4)
  A centaur skeleton (D:4)
  An orc wizard (D:5)
  An orc priest (D:5)
  2 worker ants (D:6)
  A worker ant zombie (D:3)
  A hound skeleton (D:5)
  4 gnolls (D:4)
  4 adders
  2 adder skeletons
  5 giant geckos
  An ooze (D:1)
  13 orcs
  A ball python (D:2)
  A bat skeleton (D:3)
  3 bat zombies (D:3)
  3 giant cockroaches
  8 goblins
  6 hobgoblins
  13 jackals
  4 quokkas
  12 bats
  5 giant newts
  14 kobolds
  A quokka zombie (D:3)
  10 rats
127 creatures vanquished.

Vanquished Creatures (others)
  5 sheep (D:5)
5 creatures vanquished.

Grand Total: 132 creatures vanquished

Notes
Turn   | Place    | Note
--------------------------------------------------------------
     0 | D:1      | KarvaRausku, the Gargoyle Gladiator, began the quest for the Orb.
     0 | D:1      | Reached XP level 1. HP: 12/12 MP: 1/1
    51 | D:1      | Reached skill level 3 in Axes
    57 | D:1      | Reached XP level 2. HP: 17/17 MP: 2/2
   720 | D:2      | Found a shimmering altar of Xom.
   733 | D:2      | Reached XP level 3. HP: 17/21 MP: 3/3
   851 | D:2      | Found a sacrificial altar of Ru.
   853 | D:2      | Found a sparkling altar of Nemelex Xobeh.
   853 | D:2      | Found a deep blue altar of Sif Muna.
  1286 | D:3      | Reached skill level 4 in Axes
  1374 | D:3      | Reached XP level 4. HP: 17/26 MP: 4/4
  1706 | D:3      | Noticed KarvaRausku's ghost (average GrGl)
  1789 | D:4      | Reached skill level 5 in Axes
  1789 | D:4      | Reached XP level 5. HP: 30/30 MP: 5/5
  1906 | D:4      | Found Kameisuk's Jewellery Emporium.
  2183 | D:4      | Reached XP level 6. HP: 25/35 MP: 6/6
  2191 | D:4      | Noticed an ogre
  2203 | D:4      | Killed an ogre
  2203 | D:4      | Reached skill level 6 in Axes
  2654 | D:4      | Found a snail-covered altar of Cheibriados.
  2918 | D:5      | Entered Level 5 of the Dungeon
  2935 | D:5      | Reached skill level 7 in Axes
  2935 | D:5      | Reached XP level 7. HP: 16/40 MP: 7/7
  2939 | D:5      | Noticed Dowan
  2940 | D:5      | Got a smoking silver ring
  2948 | D:4      | Identified the cursed ring "Momyum Dont" {rF- rN+ MP+9 EV-2 Dex+2} (You found it on level 5 of the Dungeon)
  3099 | D:5      | Noticed Duvessa
  3111 | D:5      | Killed Duvessa
  3122 | D:5      | Killed Dowan
  3494 | D:5      | Found a shimmering altar of Xom.
  3601 | D:5      | Reached skill level 8 in Axes
  4076 | D:6      | Reached XP level 8. HP: 38/44 MP: 8/8
  4131 | D:6      | Slain by an orc warrior

Action                   |  1- 3 |  4- 6 |  7- 9 || total
-------------------------+-------+-------+-------++-------
Melee: War axe           |   100 |   202 |   108 ||   410
Throw: Throwing net      |       |       |     1 ||     1
  Eat: Chunk             |     1 |     6 |     4 ||    11
